Map: Cactus Valley LE (Void)

Players

Izanagi

  • Race: Protoss Protoss
  • League: Grandmaster
  • Spawn Location: 7:00

Railgan - Winner!

  • Race: Zerg Zerg
  • League: Grandmaster
  • Spawn Location: 11:00

VOD

https://youtu.be/_p2vcC-VEuE

Description

Time

  • Played on: April 13, 2017, 6:04 p.m.
  • Length: 9:00
Show
View Real Time Build Order
Export as new Build Order

Izanagi Protoss 

Build Orders: 1 Gate Expand, Phoenix Opening 

Get SALT Encoding   

  12  0:01  Probe (Chrono Boost)  
  13  0:11  Probe (Chrono Boost)  
  14  0:20  Pylon  
  14  0:22  Probe (Chrono Boost)  
  15  0:38  Probe (Chrono Boost)  
  15  0:42  Gateway  
  16  0:49  Probe (Chrono Boost)  
  17  0:50  Assimilator  
  17  0:59  Probe (Chrono Boost)  
  18  1:10  Probe (Chrono Boost)  
  19  1:23  Nexus  
  19  1:36  Cybernetics Core  
  19  1:38  Probe (Chrono Boost)  
  20  1:48  Probe (Chrono Boost)  
  20  1:50  Assimilator  
  21  1:54  Pylon  
  21  1:59  Probe (Chrono Boost)  
  22  2:09  Stalker  
  22  2:10  Probe (Chrono Boost)  
  22  2:13  Warp Gate  
  26  2:23  Probe (Chrono Boost)  
  26  2:35  Probe x2 (Chrono Boost)  
  28  2:41  Stargate  
  28  2:43  Adept  
  28  2:46  Probe (Chrono Boost)  
  28  2:47  Probe (Chrono Boost)  
  32  2:57  Probe x2 (Chrono Boost)  
  34  3:08  Probe (Chrono Boost)  
  34  3:09  Probe (Chrono Boost)  
  36  3:18  Probe (Chrono Boost)  
  37  3:21  Probe (Chrono Boost)  
  37  3:26  Phoenix  
  37  3:30  Probe (Chrono Boost)  
  37  3:34  Probe (Chrono Boost)  
  41  3:42  Probe (Chrono Boost)  
  41  3:45  Gateway, Probe (Chrono Boost)  
  41  3:47  Gateway  
  42  3:49  Phoenix  
  42  3:54  Probe (Chrono Boost)  
  46  3:55  Probe (Chrono Boost)  
  46  4:05  Pylon  
  46  4:15  Twilight Council  
  46  4:20  Phoenix, Pylon  
  46  4:23  Probe (Chrono Boost)  
  50  4:25  Pylon, Probe (Chrono Boost)  
  50  4:31  Assimilator  
  50  4:34  Probe (Chrono Boost)  
  50  4:36  Assimilator  
  50  4:37  Probe (Chrono Boost)  
  52  4:40  Adept  
  52  4:44  Probe (Chrono Boost)  
  55  4:46  Adept x2  
  55  4:49  Phoenix, Probe (Chrono Boost)  
  42  4:52  Resonating Glaives  
  62  4:55  Probe (Chrono Boost)  
  64  5:01  Probe (Chrono Boost)  
  64  5:03  Nexus  
  64  5:05  Probe (Chrono Boost)  
  64  5:06  Pylon  
  65  5:12  Phoenix  
  65  5:13  Probe (Chrono Boost)  
  66  5:16  Probe (Chrono Boost)  
  69  5:25  Probe (Chrono Boost)  
  69  5:27  Probe (Chrono Boost)  
  69  5:28  Adept x2  
  75  5:37  Probe x2 (Chrono Boost)  
  77  5:48  Probe (Chrono Boost)  
  78  5:52  Pylon  
  78  5:53  Forge  
  78  5:54  Gateway  
  78  5:56  Gateway  
  78  6:00  Probe (Chrono Boost)  
  78  6:01  Phoenix  
  77  6:15  Probe x2 (Chrono Boost)  
  77  6:16  Probe (Chrono Boost)  
  80  6:18  Adept x2  
  80  6:19  Adept  
  86  6:26  Probe (Chrono Boost)  
  86  6:27  Probe (Chrono Boost)  
  86  6:30  Phoenix  
  91  6:35  Mothership Core (Chrono Boost)  
  91  6:37  Probe x2 (Chrono Boost)  
  94  6:40  Assimilator  
  94  6:43  Adept  
  94  6:44  Adept x2  
  94  6:45  Assimilator  
  100  6:47  Probe (Chrono Boost)  
  91  6:54  Pylon, Probe x2 (Chrono Boost)  
  91  6:56  Pylon x2, Protoss Shields Level 1  
  91  6:58  Pylon  
  85  7:05  Probe (Chrono Boost)  
  86  7:11  Dark Shrine  
  86  7:15  Probe x2 (Chrono Boost)  
  88  7:18  Robotics Facility, Adept  
  88  7:21  Adept x2  
  88  7:22  Adept  
  96  7:27  Probe (Chrono Boost)  
  96  7:28  Probe (Chrono Boost)  
  96  7:49  Adept x5  
  109  7:59  Templar Archives  
  109  8:02  Immortal  
  109  8:03  Probe (Chrono Boost)  
  109  8:04  Probe (Chrono Boost)  
  108  8:11  Robotics Facility  
  112  8:18  Adept x5  
  122  8:23  Probe x3 (Chrono Boost)  
  125  8:36  Gateway  
  125  8:38  Gateway  
  125  8:40  Probe (Chrono Boost)  
  119  8:41  Gateway  
  119  8:42  Dark Templar  
  119  8:45  Gateway, Dark Templar x3  
Show
View Real Time Build Order
Export as new Build Order

Railgan Zerg - Winner!

Build Orders: Hatch First 

Get SALT Encoding   

  12  0:01  Drone  
  13  0:13  Overlord  
  13  0:18  Drone  
  14  0:31  Drone x2  
  14  0:35  Drone  
  17  0:45  Drone  
  18  0:58  Hatchery  
  18  1:02  Drone  
  18  1:06  Extractor  
  17  1:18  Drone  
  17  1:21  Spawning Pool, Drone  
  18  1:33  Drone  
  19  1:43  Overlord  
  19  1:52  Drone  
  20  2:07  Queen  
  22  2:08  Zergling x2  
  22  2:09  Queen  
  22  2:10  Zergling x2  
  22  2:13  Drone  
  27  2:18  Metabolic Boost  
  27  2:21  Drone  
  28  2:24  Drone  
  29  2:32  Drone  
  29  2:33  Drone  
  31  2:44  Hatchery  
  30  2:47  Queen  
  32  2:52  Overlord  
  32  2:55  Drone  
  33  2:58  Drone  
  33  3:00  Drone  
  33  3:03  Overlord  
  35  3:15  Drone  
  35  3:22  Drone x7  
  41  3:31  Drone  
  42  3:34  Drone  
  43  3:42  Spore Crawler  
  43  3:44  Spore Crawler  
  43  3:47  Drone x3  
  43  3:48  Overlord  
  44  3:51  Overlord  
  44  3:55  Evolution Chamber  
  43  3:58  Queen  
  43  3:59  Drone  
  43  4:00  Overlord, Drone  
  48  4:02  Drone  
  48  4:03  Drone  
  48  4:09  Spore Crawler, Zergling x4  
  50  4:10  Zergling x2  
  50  4:11  Zergling x2  
  52  4:18  Drone  
  52  4:19  Drone, Extractor  
  52  4:21  Drone x2, Extractor  
  54  4:25  Drone  
  54  4:29  Overlord  
  54  4:30  Drone  
  54  4:31  Drone x3  
  59  4:38  Zerg Melee Weapons Level 1  
  59  4:42  Overlord, Drone x2  
  61  4:48  Drone  
  62  4:55  Zergling x8  
  62  4:56  Baneling Nest  
  62  4:57  Overlord  
  65  5:01  Drone  
  65  5:02  Lair  
  66  5:10  Drone  
  66  5:12  Drone x3  
  66  5:13  Drone  
  66  5:14  Drone x2  
  72  5:15  Zergling x6  
  72  5:16  Zergling x2  
  72  5:20  Queen  
  78  5:30  Queen  
  79  5:36  Drone  
  79  5:37  Drone x9  
  79  5:38  Overlord  
  79  5:41  Overlord  
  89  5:44  Extractor  
  89  5:47  Overlord  
  88  5:55  Drone  
  89  6:02  Zergling x10  
  92  6:09  Drone  
  91  6:14  Zergling x14  
  91  6:15  Overlord  
  91  6:16  Extractor  
  91  6:18  Centrifical Hooks  
  95  6:21  Drone x3, Hydralisk Den  
  97  6:25  Hatchery  
  97  6:27  Extractor  
  97  6:29  Zergling x2  
  97  6:30  Zergling x2  
  97  6:34  Baneling x10  
  97  6:38  Spore Crawler  
  96  6:41  Zergling x2  
  96  6:42  Zergling x8  
  96  6:43  Overlord  
  101  6:47  Zergling x2  
  101  6:48  Zergling x8  
  101  6:50  Zergling x2  
  103  7:01  Overlord  
  103  7:03  Muscular Augments  
  103  7:04  Baneling x2  
  103  7:05  Baneling  
  103  7:09  Hatchery, Hydralisk  
  103  7:10  Hydralisk x4  
  103  7:12  Overlord  
  103  7:13  Hydralisk  
  114  7:16  Overlord  
  114  7:21  Overseer, Pneumatized Carapace  
  114  7:23  Hydralisk x2  
  114  7:26  Overlord  
  118  7:37  Zergling x10  
  118  7:38  Overlord  
  118  7:42  Hydralisk  
  124  7:47  Hydralisk x3  
  124  7:51  Hydralisk  
  130  7:53  Baneling x6  
  130  7:54  Baneling x2  
  132  7:59  Drone x2  
  132  8:04  Evolution Chamber  
  133  8:06  Zergling x2  
  133  8:07  Zergling x10  
  139  8:14  Hydralisk x4  
  139  8:18  Baneling x5  
  139  8:19  Baneling  
  147  8:23  Drone  
  148  8:28  Zergling x2  
  148  8:29  Baneling x6  
  148  8:30  Baneling x2  
  141  8:41  Zergling x2  
  141  8:42  Zergling x2  
  138  8:55  Spore Crawler  
Tags
 
Add a new tag
Caveats
  • Supply blocks, unpowered buildings, or Contaminate may cause inaccurate times.
  • Supply counts are checked every 10 seconds.